 Dungeon Crawl Stone Soup version 0.31.0-12-g77e489cdc1 (webtiles) character file.

Game seed: 17899588182816437410

65 Gadfly the Insei (level 3, 0/29 HPs)
             Began as a Demonspawn Monk on Feb 12, 2024.
             Slain by Natasha (7 damage)
             ... on level 2 of the Dungeon.
             The game lasted 00:02:26 (1299 turns).

Gadfly the Insei (Demonspawn Monk)                  Turns: 1299, Time: 00:02:27

Health: 0/29       AC:  5    Str: 10 (13) XL:     3   Next: 94%
Magic:  3/3        EV: 13    Int:  9 (10) God:
Gold:   95         SH:  0    Dex: 14 (15) Spells: 2/2 levels left

rFire   . . .        b - +0 short sword (venom)
rCold   . . .        c - orb {light}
rNeg    . . .        a - +0 robe
rPois   .            (helmet restricted)
rElec   .            h - +2 cloak {Stlth+}
rCorr   .            (no gloves)
SInv    .            (no boots)
Will    .....        (no amulet)
Stlth   +            (no ring)
HPRegen 0.24/turn    (no ring)
MPRegen 0.08/turn

%: no passive effects
@: glowing
A: horns 1
a: no special abilities


You were on level 2 of the Dungeon.
You visited 1 branch of the dungeon, and saw 2 of its levels.

You collected 95 gold pieces.

Inventory:

Hand Weapons
 b - a +0 short sword of venom (weapon)
 l - a +3 short sword of flaming
Armour
 a - a +0 robe (worn)
 c - an orb of light (worn)
 h - a +2 cloak of stealth (worn)
Scrolls
 g - a scroll of teleportation {unknown}
 m - a scroll of enchant armour {unknown}
 n - a scroll of vulnerability {unknown}
Potions
 d - a potion of might {unknown}
 e - a potion of mutation
 f - a potion of curing
 i - a potion of berserk rage {unknown}
 j - a potion of haste {unknown}
 k - a potion of ambrosia


   Skills:
 - Level 3.0 Fighting
 + Level 3.0 Dodging
 * Level 3.3 Unarmed Combat
 * Level 1.6 Evocations
 * Level 1.2 Shapeshifting


You had 2 spell levels left.
You didn't know any spells.
Your spell library contained the following spells:

 Spells                   Type           Power      Damage    Failure   Level
 Magic Dart               Conj           0%         1d3       38%         1
 Blink                    Tloc           0%         N/A       52%         2
 Call Imp                 Summ           0%         N/A       52%         2
 Static Discharge         Conj/Air       0%         3-3/arc   52%         2
 Bombard                  Conj/Erth      0%         9d1       100%        6
 Starburst                Conj/Fire      0%         6d3       100%        6


Dungeon Overview and Level Annotations

Branches:
Dungeon (2/15)

Altars:

Annotations:
D:2 1 runed translucent door, Crazy Yiuf, Natasha


Innate Abilities, Weirdness & Mutations

You have a pair of small horns on your head.


Message History

Found a stone staircase leading up.
Natasha hisses angrily.
Found a viscous red potion.
Found an escape hatch in the floor.
Natasha claws you.
You hit Natasha but do no damage. Natasha claws you.
You hit Natasha.
Natasha is poisoned.
Natasha is moderately wounded.
The quokka closely misses you. Natasha casts a spell at you.
The magic dart hits you!
You are too injured to fight recklessly!
You are too injured to fight recklessly!
You are too injured to fight recklessly!
You are too injured to fight recklessly!
You are too injured to fight recklessly!
You are too injured to fight recklessly!
You are too injured to fight recklessly!
You are too injured to fight recklessly!
You are too injured to fight recklessly!
You are too injured to fight recklessly!
You are too injured to fight recklessly!
You are too injured to fight recklessly!
You are too injured to fight recklessly!
Unknown command.
You are too injured to fight recklessly!
You are too injured to fight recklessly!
You hit Natasha but do no damage.
Natasha looks even sicker.
Natasha is moderately wounded.
The quokka bites you but does no damage.
Natasha closely misses you.
You hit Natasha but do no damage.
Natasha looks as sick as possible!
Natasha is heavily wounded.
The quokka closely misses you. Natasha claws you.
* * * LOW HITPOINT WARNING * * *
Unknown command.
You hit the quokka.
The quokka is poisoned.
You headbutt the quokka.
The quokka is severely wounded.
The quokka barely misses you. Natasha claws you!
You die...
Natasha curls up and begins to purr.

..# ### #.# #.# #
#.####### #### #.##.....
##...# #...^^... #.....#
#..^_^##.
.......##########.^.....
......h@..........#####.
.!....r..........## ##.
#...<....######### #..
.......### ### ....?..
.....<. #....># ##...#


You could see Natasha (extremely poisoned) and a quokka (very poisoned).

Vanquished Creatures
  Terence (D:2)
  An adder (D:2)
  A dart slug (D:1)
  3 orcs (D:2)
  2 endoplasms (D:1)
  2 giant cockroaches (D:2)
  2 goblins
  A hobgoblin (D:2)
  3 ball pythons
  4 bats
  2 frilled lizards (D:1)
  4 kobolds
  3 rats (D:1)
29 creatures vanquished.

Notes
Turn   | Place    | Note
-------+----------+-------------------------------------------
     0 | D:1      | Gadfly the Demonspawn Monk began the quest for the Orb.
     0 | D:1      | Reached XP level 1. HP: 18/18 MP: 1/1
   250 | D:1      | Gained mutation: You have a pair of small horns on your
                  | head. [demonic ancestry]
   250 | D:1      | Reached XP level 2. HP: 23/24 MP: 2/2
   529 | D:1      | Reached skill level 1 in Evocations
   700 | D:2      | Found a faded altar of an unknown god.
   823 | D:2      | Found a runed translucent door.
   824 | D:2      | Noticed Crazy Yiuf
   891 | D:2      | Got the Lectures on Bolts
   934 | D:2      | Noticed Terence
   945 | D:2      | Killed Terence
   946 | D:2      | Reached skill level 1 in Shapeshifting
   946 | D:2      | Reached XP level 3. HP: 9/29 MP: 3/3
  1291 | D:2      | Noticed Natasha
  1299 | D:2      | Slain by Natasha

Illustrated notes

Levels and vault maps discovered:
D:1:      lightli_arrival_chessboard, layout_basic
D:2:      layout_rooms, ebering_ecumenical_altar_webs, uniq_natasha,
          uniq_terence, uniq_crazy_yiuf_cottage

Skill      XL: |  1  2 |
---------------+-------+-----
Evocations     | 1 |  1.6
Unarmed Combat | 3 |  3.3
Dodging        | 3 |  3.0
Shapeshifting  | 1 |  1.2
Fighting       | |  3.0

Action                     || total
---------------------------++-------
  Melee: Unarmed           ||    52
         Short sword       ||    27
         Headbutt          ||    13
    Use: Scroll            ||     3
         Potion            ||     1
 Armour: Robe              ||    50
  Dodge: Dodged            ||    43
